 Dungeon Crawl Stone Soup version 0.30-a0-1094-g860fb061e7 (webtiles) character file.

Game seed: 17097336410949526771

2106636 Lobster4 the Slayer (level 27, 61/219 HPs)
             Began as a Merfolk Gladiator on Apr 17, 2023.
             Was the Champion of Okawaru.
             Escaped with the Orb
             ... and 4 runes!
             The game lasted 05:56:02 (85275 turns).

Lobster4 the Slayer (Merfolk Gladiator)            Turns: 85275, Time: 05:56:03

Health: 61/219     AC: 29    Str: 22    XL:     27
Magic:  40/40      EV: 30    Int: 19    God:    Okawaru [******]
Gold:   4116       SH: 25    Dex: 21    Spells: 37/52 levels left

rFire   + + +      SeeInvis +    a - +8 trident of Mieloff {freeze, rCorr Int+4}
rCold   + . .      Faith    .    Q - +0 kite shield "Tupnaol" {rElec rPois rF+ Dex+2}
rNeg    + . .      Spirit   .    G - +8 chain mail of Ziashru {rC+ Slay+2}
rPois   +          Reflect  +    (helmet restricted)
rElec   +          Rampage  +    r - +2 cloak {Will+}
rCorr   +                        c - +0 pair of gloves "Zuleit" {Rampage rF+ Will+ Int+3}
Will    +++++                    g - +2 pair of slick slippers {slick, slippery, EV+4}
Stlth   +                        z - amulet of reflection
HPRegen 0.56/turn                t - ring "Orrygg" {rF+ EV+5 Int-5 Slay+6 Stlth+}
MPRegen 0.27/turn                H - ring of Miracles {rElec rN+ Str+3 Int+2 SInv Stlth-}

@: studying 2 skills
A: (nimble swimmer 2), mertail, horns 1, large bone plates 1, agile 1, fire
resistance 1, frail 1, strong-willed 1, MP-powered wands, devolution 1
0: Orb of Zot
}: 4/15 runes: serpentine, barnacled, silver, abyssal
a: Renounce Religion, Heroism, Finesse, Duel


You escaped.
You worshipped Okawaru.
Okawaru was exalted by your worship.
You visited 10 branches of the dungeon, and saw 50 of its levels.
You visited the Abyss 2 times.
You visited 2 bazaars.
You also visited: Trove, Bailey and Ice Cave.

You collected 9617 gold pieces.
You spent 5501 gold pieces at shops.

Inventory:

Hand Weapons
 a - the +8 trident of Mieloff (weapon) {freeze, rCorr Int+4}
   (You found it in a treasure trove)

   Int:       It affects your intelligence (+4).
   rCorr:     It protects you from acid and corrosion.
 b - the +10 zealot's sword {holy, Zealotry, *Rage rN+ EV+3}
   (You took it off a merfolk impaler on level 4 of the Shoals)

   Zealotry:  Whenever the wielder enters a berserk rage, their allies are
   berserked alongside them.
   EV:        It affects your evasion (+3).
   rN:        It protects you from negative energy.
   *Rage:     It berserks you when you make melee attacks (+20% chance).
 K - a +9 demon trident of freezing
Missiles
 d - 8 throwing nets
 f - 50 poisoned darts
 n - 11 javelins (quivered)
 I - 37 atropa-tipped darts
 V - 10 curare-tipped darts
 W - 12 boomerangs of dispersal
 Y - 10 silver javelins
 Z - 15 silver boomerangs
Armour
 c - the +0 pair of gloves "Zuleit" (worn) {Rampage rF+ Will+ Int+3}
   (You acquired it on level 2 of the Realm of Zot)

   Int:       It affects your intelligence (+3).
   rF:        It protects you from fire.
   Rampage:   It bestows one free step when moving towards enemies.
   Will:      It increases your willpower.
 g - the +2 pair of slick slippers (worn) {slick, slippery, EV+4}
   (You acquired it on level 3 of the Crypt)

   Slick:     Its wearer cannot be constricted, engulfed, netted or webbed.
   Slippery:  Its wearer slips away from damaging melee attacks, pulling the
   attacker onward.
   EV:        It affects your evasion (+4).
 r - a +2 cloak of willpower (worn)
 v - the +2 helmet of Defence {Contam rC+ Int+9 Slay-2}
   (Okawaru gifted it to you on level 2 of the Vaults)

   Int:       It affects your intelligence (+9).
   Slay:      It affects your accuracy & damage with ranged weapons and melee
   (-2).
   rC:        It protects you from cold.
   Contam:    It causes magical contamination when unequipped.
 D - a +2 pair of boots of flying
 G - the +8 chain mail of Ziashru (worn) {rC+ Slay+2}
   (You found it on level 2 of the Depths)

   Slay:      It affects your accuracy & damage with ranged weapons and melee
   (+2).
   rC:        It protects you from cold.
 Q - the +0 kite shield "Tupnaol" (worn) {rElec rPois rF+ Dex+2}
   (Okawaru gifted it to you on level 2 of the Lair of Beasts)

   Dex:       It affects your dexterity (+2).
   rF:        It protects you from fire.
   rElec:     It insulates you from electricity.
   rPois:     It protects you from poison.
 S - a +3 troll leather armour {Snorg}
Jewellery
 l - the ring of Gyij {Fly rC+ Str-5 Slay+4 Stlth+}
   (You found it on level 1 of the Crypt)

   [ring of protection from cold]

   Str:       It affects your strength (-5).
   Slay:      It affects your accuracy & damage with ranged weapons and melee
   (+4).
   rC:        It protects you from cold.
   Fly:       It grants you flight.
   Stlth:     It makes you more stealthy.
 t - the ring "Orrygg" (left hand) {rF+ EV+5 Int-5 Slay+6 Stlth+}
   (You acquired it on level 1 of the Lair of Beasts)

   [ring of evasion]

   EV:        It affects your evasion (+5).
   Int:       It affects your intelligence (-5).
   Slay:      It affects your accuracy & damage with ranged weapons and melee
   (+6).
   rF:        It protects you from fire.
   Stlth:     It makes you more stealthy.
 z - an amulet of reflection (around neck)
 H - the ring of Miracles (right hand) {rElec rN+ Str+3 Int+2 SInv Stlth-}
   (You found it on level 3 of the Crypt)

   [ring of positive energy]

   Str:       It affects your strength (+3).
   Int:       It affects your intelligence (+2).
   rElec:     It insulates you from electricity.
   rN:        It protects you from negative energy.
   SInv:      It lets you see invisible.
   Stlth:     It makes you less stealthy.
Wands
 k - a wand of light (17)
 q - a wand of digging (29)
 A - a wand of mindburst (72)
 P - a wand of paralysis (45)
 U - a wand of roots (43)
Scrolls
 e - 4 scrolls of magic mapping
 m - 4 scrolls of immolation
 s - 9 scrolls of fog
 w - a scroll of blinking
 x - 2 scrolls of silence
 y - 10 scrolls of poison
 E - 2 scrolls of fear
 R - 4 scrolls of teleportation
Potions
 h - 4 potions of invisibility
 i - 3 potions of ambrosia
 j - 3 potions of heal wounds
 o - 6 potions of resistance
 p - 5 potions of cancellation
 u - 8 potions of magic
 B - 8 potions of brilliance
 C - 2 potions of might
 L - 2 potions of mutation
 N - 26 potions of curing
 O - 12 potions of lignification


   Skills:
 + Level 25.8 Fighting
 - Level 16.0 Long Blades
 - Level 21.0 Polearms
 - Level 5.0 Ranged Weapons
 - Level 16.0 Throwing
 - Level 16.0 Armour
 - Level 20.0 Dodging
 - Level 5.0 Stealth
 + Level 18.2 Shields
 - Level 13.0 Spellcasting
 - Level 6.0 Conjurations
 + Level 18.8 Ice Magic
 - Level 6.0 Air Magic
 - Level 13.0 Invocations
 - Level 6.0 Evocations


You had 37 spell levels left.
You knew the following spells:

 Your Spells              Type           Power      Damage    Failure   Level
a - Hailstorm             Conj/Ice       56%        3d12      1%          3
b - Freezing Cloud        Conj/Ice/Air   25%        6-21      12%         5
c - Ozocubu's Refrigerat  Ice            35%        4d15      11%         7

Your spell library contained the following spells:

 Spells                   Type           Power      Damage    Failure   Level
 Ensorcelled Hibernation  Hex/Ice        96%        N/A       1%          2
 Magic Dart               Conj           100%       1d8       2%          1
 Ice Form                 Ice/Tmut       48%        N/A       6%          4
 Swiftness                Air            35%        N/A       8%          3
 Foxfire                  Conj/Fire      92%        2x1d8     9%          1
 Kiss of Death            Conj/Necr      92%        2d12      9%          1
 Poisonous Vapours        Pois/Air       46%        N/A       13%         2
 Mephitic Cloud           Conj/Pois/Air  27%        N/A       17%         3
 Cigotuvi's Dreadful Rot  Necr/Pois/Air  38%        N/A       21%         2
 Dazzling Flash           Conj/Hex       46%        N/A       26%         3
 Stone Arrow              Conj/Erth      46%        3d9       26%         3
 Vhi's Electric Charge    Tloc/Air       46%        N/A       26%         3
 Apportation              Tloc           24%        N/A       30%         1
 Beastly Appendage        Tmut           24%        N/A       30%         1
 Necrotise                Necr           48%        1d6       30%         1
 Sandblast                Erth           24%        2d8       30%         1
 Slow                     Hex            48%        N/A       30%         1
 Sting                    Tmut/Pois      48%        1d5       30%         1
 Blink                    Tloc           24%        N/A       41%         2
 Passwall                 Tmut/Erth      10%        N/A       41%         2
 Sublimation of Blood     Necr           12%        N/A       41%         2
 Wereblood                Tmut           12%        N/A       41%         2
 Arcjolt                  Conj/Air       17%        1d27      56%         5
 Confusing Touch          Hex            12%        N/A       65%         3
 Ignite Poison            Fire/Tmut/Pois 12%        N/A       65%         3
 Inner Flame              Hex/Fire       12%        N/A       65%         3
 Portal Projectile        Hex/Tloc       24%        N/A       65%         3
 Spider Form              Tmut/Pois      12%        N/A       65%         3
 Vampiric Draining        Necr           12%        2d6       65%         3
 Fireball                 Conj/Fire      11%        3d7       94%         5
 Silence                  Hex/Air        11%        N/A       94%         5
 Anguish                  Hex/Necr       6%         N/A       96%         4
 Dispel Undead            Necr           12%        3d9       96%         4
 Leda's Liquefaction      Hex/Erth       6%         N/A       96%         4
 Manifold Assault         Tloc           12%        N/A       96%         4
 Olgreb's Toxic Radiance  Pois           12%        N/A       96%         4
 Passage of Golubria      Tloc           12%        N/A       96%         4
 Conjure Ball Lightning   Conj/Air       17%        3x3d6     98%         6
 Agony                    Necr           12%        N/A       100%        5
 Alistair's Intoxication  Tmut/Pois      8%         N/A       100%        5
 Blade Hands              Tmut           6%         N/A       100%        5
 Yara's Violent Unravell  Hex/Tmut       6%         3d5       100%        5
 Dispersal                Tloc           6%         N/A       100%        6
 Iron Shot                Conj/Erth      11%        9d3       100%        6
 Plasma Beam              Fire/Air       11%        2x1d24    100%        6
 Starburst                Conj/Fire      11%        6d5       100%        6
 Statue Form              Tmut/Erth      8%         N/A       100%        6
 Enfeeble                 Hex            6%         N/A       100%        7
 Storm Form               Tmut/Air       11%        N/A       100%        7
 Borgnjor's Revivificati  Necr           6%         N/A       100%        8
 Discord                  Hex            6%         N/A       100%        8
 Disjunction              Tloc           6%         N/A       100%        8
 Lehudib's Crystal Spear  Conj/Erth      11%        10d4      100%        8
 Maxwell's Capacitive Co  Air            17%        ∞         100%        8
 Necromutation            Tmut/Necr      6%         N/A       100%        8
 Chain Lightning          Conj/Air       17%        3d23      100%        9
 Death's Door             Necr           6%         N/A       100%        9
 Fire Storm               Conj/Fire      11%        8d3       100%        9
 Polar Vortex             Ice            35%        N/A       100%        9
 Shatter                  Erth           6%         3d9*      100%        9
 Summon Small Mammal      Summ           Unusable   N/A       N/A         1
 Call Imp                 Summ           Unusable   N/A       N/A         2
 Call Canine Familiar     Summ           Unusable   N/A       N/A         3
 Summon Lightning Spire   Summ/Air       Unusable   N/A       N/A         4
 Simulacrum               Ice/Necr       Unusable   N/A       N/A         6
 Animate Armour           Summ/Erth      Unusable   N/A       N/A         4
 Death Channel            Necr           Unusable   N/A       N/A         6

Dungeon Overview and Level Annotations

Branches:
Dungeon (15/15)            Temple (0/1) D:4            Lair (5/5) D:9
 Shoals (4/4) Lair:3        Snake (4/4) Lair:3        Slime (0/5) Lair:4
    Orc (2/2) D:9             Elf (3/3) Orc:2        Vaults (5/5) D:13
  Crypt (3/3) Vaults:3       Tomb (0/3) Crypt:3      Depths (4/4) D:15
    Zot (5/5) Depths:4     Bailey (visited)           IceCv (visited)

Altars:
Elyvilon
Gozag
Hepliaklqana
Kikubaaqudgha
Nemelex Xobeh
Okawaru
Vehumet
Wu Jian
Yredelemnul

Shops:
D:5 (   D:8 !**   D:12 *   Orc:2 :?![(?*   Shoals:2 *   Shoals:3 ?=   Snake:1 !
Snake:3 !   Vaults:3 (   Vaults:5 *

Portals:
Hell: Depths:1 Depths:2 Depths:3 Depths:4
Abyss: Depths:3
Pandemonium: Depths:2
Ziggurat: Depths:2

Annotations:
D:3 Boris
D:11 3 runed translucent doors, Tangent's ghost, journeyman DrSu
Lair:1 3 runed translucent doors, Neomef's ghost, novice DrCj
Lair:2 exclusion: 4 oklob plants
Lair:3 1 runed translucent door
Zot:5 1 exclusion


Innate Abilities, Weirdness & Mutations

((You are very nimble when in or above water. (Stealth+, EV+, Speed+++)))
Your lower body shifts to a powerful aquatic tail in water.
You have a pair of small horns on your head.
You are partially covered in large bone plates. (SH +4)
You are agile. (Dex +4, Str/Int -1)
Your flesh is heat resistant. (rF+)
You are frail. (-10% HP)
You are strong-willed. (Will+)
You expend magic power (3 MP) to strengthen your wands.
You have hidden genetic defects.


Message History

Boris, Master of Life and Death comes into view.
He is wearing a +2 robe of fire resistance.
You feel yourself slow down.
Boris is empowered by the presence of the orb!
You climb upwards.
There is a stone staircase leading down here.
Things that are here:
a stone; a +0 dagger A smoke demon comes into view.
There is an open door here.
The smoke demon gestures at you. Something smites you!
The smoke demon gestures at you. Something smites you!
There is a stone staircase leading down here.
There is a stone staircase leading up here.
You climb upwards.
There is a stone staircase leading down here.
A Tzitzimitl comes into view.
The Tzitzimitl gestures at you. The bolt of negative energy misses you.
You see here a +0 dagger.
As you read the scroll labelled XEUPHO JEQYIPT, it crumbles to dust.
Nothing appears to happen.
It was a scroll of butterflies.
The Tzitzimitl calls on the powers of darkness!
Your body is wracked with pain!
There is an open gate here.
As you read the scroll of fog, it crumbles to dust.
The scroll dissolves into smoke.
The Tzitzimitl calls on the powers of darkness!
Your body is wracked with pain!
* * * LOW HITPOINT WARNING * * *
Okay, then.
Okay, then.
Okay, then.
Blink to where?
Press: ? - help, Dir - move target
As you read the scroll of blinking, it crumbles to dust.
Okay, then.
There is a staircase leading out of the dungeon here.
You have escaped!

##§§§##.♣♣P.P♣......~≈≈≈#
##§§§#########♣.♣....~≈≈#
#.§§§# #P......~≈≈#
#1#### #......~≈≈≈# #)#
#P.....~~≈≈# #.##
#.......≈≈≈# ...#
#♣♣.....≈≈≈# ..>#
♣♣...♣~≈≈# ...#
♣@P..♣≈≈≈# ...#####
♣♣♣♣♣♣≈≈≈# ..#.#..# ♣♣♣≈#
.#.#.#.# ♣≈# ..#.#.## ♣≈#
.#...#.# ♣♣# ..#.#.## #
.#.#.#.# ..#.#..#


There were no monsters in sight!

Vanquished Creatures
  5 dread liches
  7 ancient liches
  4 orbs of fire (Zot:5)
  A juggernaut (Abyss:3)
  Sojobo (Crypt:1)
  Boris (twice) (Crypt:1 Depths:1)
  The ghost of Hegoitz the Impregnable, a veteran MiGl of Hepliaklqana (Crypt:1)
  The ghost of Uroast the Impregnable, a veteran MiGl of Hepliaklqana (Crypt:1)
  The ghost of Houmnergh the Rich, a master GnTm of Gozag (Crypt:1)
  9 Killer Klowns
  A curse toe (Zot:5)
  Xtahua (Crypt:1)
  8 caustic shrikes
  15 golden dragons
  3 bone dragons
  3 Tzitzimimeh (Depths:3)
  5 electric golems
  The ghost of Weuw the Warrior, an adept GrFi of Cheibriados (Crypt:2)
  13 tentacled monstrosities
  A hellephant (Abyss:2)
  3 doom hounds (Depths:3)
  Grunn (Depths:3)
  A shard shrike skeleton (Crypt:3)
  Jorgrun (Shoals:3)
  A walking crystal tome (Depths:3)
  27 Orb Guardians
  Asterion (Elf:3)
  3 deep elf blademasters
  8 liches
  A deep elf master archer (Elf:3)
  6 titans
  10 acid blobs (Zot:2)
  11 ancient champions
  A kraken (Shoals:4)
  6 quicksilver dragons
  5 tentacled starspawn
  Polyphemus (Shoals:4)
  9 death cobs
  7 sphinxes
  8 shadow dragons
  Agnes (Elf:1)
  Kirke (Lair:3)
  4 tengu reavers
  4 revenants
  12 storm dragons
  6 draconian monks
  Donald (Snake:1)
  11 deep elf sorcerers
  4 nagarajas (Snake:4)
  6 draconian knights
  19 vault wardens
  8 fire giants
  Aizul (Elf:1)
  4 draconian scorchers
  A balrug (Depths:4)
  17 frost giants
  4 ghost moths
  2 iron dragons (Vaults:5)
  An angel (Abyss:3)
  7 draconian shifters
  5 ghouls
  5 deep elf elementalists
  2 draconian stormcallers
  A cacodemon (Depths:2)
  2 curse skulls
  3 reapers
  19 ironbound preservers
  An orc warlord (Vaults:4)
  5 draconian annihilators
  15 very ugly things
  Nessos (D:15)
  6 ironbound thunderhulks
  A starflower (Abyss:2)
  6 deep elf demonologists
  6 vampire knights
  11 stone giants
  14 black draconians
  7 dire elephants
  2 ophanim (Abyss:3)
  8 red draconians
  11 purple draconians
  15 green draconians
  13 spark wasps
  10 deep elf annihilators
  13 white draconians
  14 yellow draconians
  A spark wasp (shapeshifter) (Vaults:4)
  Snorg (D:14)
  5 eidola
  4 merfolk javelineers
  2 crystal guardians (Vaults:4)
  5 deep elf death magi
  12 merfolk impalers
  2 blizzard demons
  6 ettins
  9 jiangshi
  13 fire dragons
  2 spriggan zombies
  7 deep elf high priests
  3 entropy weavers
  15 yaktaur captains
  2 quicksilver dragon skeletons
  5 great orbs of eyes
  A hell beast (Depths:4)
  A salamander tyrant (Snake:4)
  8 hydras
  5 ice dragons
  2 peacekeepers (Vaults:4)
  2 ogre magi (Vaults:5)
  5 rakshasas
  A juggernaut simulacrum (Abyss:2)
  2 catoblepae
  7 ironbound frosthearts
  40 vault guards
  2 merfolk avatars (Shoals:3)
  A spriggan air mage (Depths:3)
  9 anacondas
  13 centaur warriors
  2 fenstrider witch skeletons
  3 death knights
  An alligator snapping turtle (Shoals:4)
  9 merfolk aquamancers (Shoals:4)
  8 boulder beetles
  19 naga warriors
  5 spriggan skeletons
  3 two-headed ogres
  3 satyrs
  32 dancing weapons
  6 hell hogs (Depths:4)
  7 tengu warriors
  9 vampire magi
  7 deep troll earth magi
  An orc high priest (Orc:1)
  3 spriggan berserkers
  5 death yaks
  6 thrashing horrors
  A sun demon (Depths:4)
  13 naga sharpshooters
  A hell knight (Depths:4)
  10 deep elf knights
  5 salamander mystics
  A titan skeleton (Crypt:3)
  4 sixfirhies
  8 shock serpents
  3 soul eaters
  2 iron trolls
  2 shadow wraiths
  3 skysharks
  An anaconda zombie (Crypt:3)
  A storm dragon skeleton (Crypt:1)
  5 glowing orange brains
  An iron giant zombie (Crypt:1)
  49 skeletal warriors
  2 cherubim (Abyss:3)
  2 sea snakes
  A golden dragon zombie (Crypt:3)
  A bog body (Crypt:2)
  A death drake (shapeshifter) (Vaults:3)
  7 naga ritualists
  45 deep trolls
  7 flayed ghosts
  8 deep elf archers
  17 ironbound convokers
  An anaconda skeleton (Crypt:3)
  10 orc knights
  16 wizards
  7 necromancers
  7 lindwurms
  14 phantasmal warriors
  A harpy (shapeshifter) (Vaults:5)
  17 deep elf pyromancers
  3 oklob plants (Zot:2)
  A bunyip skeleton (Crypt:3)
  35 deep elf zephyrmancers
  40 ugly things
  A faun (shapeshifter) (Vaults:5)
  2 orc sorcerers
  4 cyclopes
  15 harpies
  19 salamanders
  8 mana vipers
  2 frost giant zombies
  2 worldbinders (Abyss:2)
  A moth of wrath (shapeshifter) (Vaults:5)
  15 manticores
  32 moths of wrath
  7 merfolk sirens
  2 fire giant skeletons
  8 guardian serpents
  14 fauns
  2 elephants
  A centaur zombie (Crypt:2)
  17 naga magi
  3 molten gargoyles (Lair:5)
  13 cane toads
  2 dire elephant skeletons (Crypt:3)
  36 black mambas
  An eleionoma skeleton (Crypt:3)
  3 ice statues
  19 vault sentinels
  3 gargoyles
  A titan simulacrum (Vaults:3)
  2 stone giant skeletons
  2 elf zombies (Vaults:2)
  A demonic crawler (Abyss:3)
  8 water nymphs
  An orange demon (Depths:2)
  A kobold demonologist (D:12)
  A torpor snail (Lair:3)
  An alligator snapping turtle zombie (Crypt:2)
  4 naga skeletons
  A yaktaur zombie (Vaults:2)
  A black draconian zombie (Crypt:2)
  9 komodo dragons
  4 smoke demons
  2 efreet
  8 rime drakes
  11 freezing wraiths
  3 unseen horrors
  A mana viper zombie (Crypt:1)
  16 ice devils
  58 yaktaurs
  An ancient zyme (Abyss:2)
  2 yaktaur skeletons
  2 tengu conjurers
  A tormentor (Abyss:3)
  A death drake zombie (Crypt:1)
  2 harpy zombies (Crypt:2)
  39 merfolk
  A sea snake skeleton (Crypt:1)
  7 trolls
  3 polar bears
  A queen bee (Lair:2)
  8 wind drakes
  2 hornets
  A tarantella (Vaults:1)
  A tarantella zombie (Crypt:2)
  A harpy skeleton (Crypt:3)
  2 dream sheep (Shoals:2)
  25 blink frogs
  A blink frog (shapeshifter) (D:15)
  An ettin zombie (Vaults:2)
  27 slime creatures
  8 snapping turtles
  12 raiju
  A death drake skeleton (Crypt:1)
  3 ettin skeletons
  A black mamba zombie (Crypt:3)
  14 flying skulls
  A slime creature (shapeshifter) (Elf:1)
  8 ynoxinuls
  5 air elementals
  2 shadows
  28 water elementals
  20 large abominations
  A vampire (D:12)
  9 wyverns
  A basilisk (shapeshifter) (Elf:1)
  25 yaks
  9 fire elementals
  2 hogs (Lair:3)
  4 chaos spawn
  5 neqoxecs
  8 wraiths
  A deep troll skeleton (Vaults:3)
  2 humans (Lair:3)
  18 starcursed masses
  An orc simulacrum (Crypt:2)
  6 death yak simulacra (IceCv)
  5 redbacks
  14 basilisks
  A steam dragon (D:9)
  4 vampire mosquitoes (D:13)
  2 ogre zombies (Vaults:3)
  A fire bat zombie (Crypt:3)
  5 wargs
  58 nagas
  3 harpy simulacra
  3 hydra simulacra (IceCv)
  A floating eye (Crypt:2)
  18 water moccasins
  6 hell hounds
  2 acid dragons
  A demonspawn skeleton (Crypt:3)
  A cane toad skeleton (Crypt:2)
  3 black bears
  43 orc warriors
  An ogre skeleton (Vaults:3)
  A sky beast (D:6)
  A blink frog zombie (Crypt:2)
  Pargi (D:4)
  A lindwurm zombie (Crypt:1)
  9 ogres
  A swamp dragon skeleton (Crypt:3)
  22 centaurs
  10 boggarts
  A blink frog skeleton (Crypt:2)
  3 wolves
  A hog skeleton (Crypt:1)
  7 kobold brigands
  5 phantoms
  3 earth elementals
  14 bullfrogs
  2 gnoll sergeants
  An elf skeleton (Crypt:3)
  An ogre simulacrum (Vaults:3)
  4 cane toad simulacra (IceCv)
  2 two-headed ogre simulacra (IceCv)
  2 scorpions
  14 small abominations
  A wight (Vaults:3)
  35 killer bees
  2 elephant simulacra (IceCv)
  2 electric eels (D:12)
  9 howler monkeys
  5 lava snakes (Lair:5)
  A quasit (Abyss:2)
  23 jellies
  18 orc priests
  A gnoll bouda (D:8)
  7 hounds
  5 iguanas
  4 iron imps
  30 orc wizards
  15 hell rats
  4 polar bear simulacra (IceCv)
  A troll simulacrum (IceCv)
  A spriggan simulacrum (IceCv)
  4 wolf simulacra (IceCv)
  2 adders (D:3)
  33 gnolls
  2 naga simulacra (IceCv)
  2 river rats (Lair:2)
  A shadow imp (D:4)
  3 white imps
  3 ufetubi (Abyss:2)
  A jelly zombie (Crypt:2)
  2 dart slugs
  126 orcs
  8 ball pythons
  11 endoplasms
  8 giant cockroaches
  9 goblins
  6 hobgoblins
  15 jackals
  6 quokkas
  10 bats
  4 frilled lizards
  A jackal zombie (Crypt:3)
  34 kobolds
  A quokka zombie (D:7)
  6 rats
  A rat zombie (D:7)
  5 starspawn tentacles (Abyss:3)
  2 tentacles (Shoals:4)
2619 creatures vanquished.

Vanquished Creatures (others)
  A golden dragon (Arena)
  A black draconian (Zot:2)
  An ice dragon (Depths:2)
  A naga warrior (Snake:4)
  2 deep elf knights (Elf:3)
  3 deep elf zephyrmancers
  A water nymph (Shoals:4)
  A flying skull (Abyss:3)
  A water elemental (Elf:2)
  A killer bee (D:7)
  A jelly (Zot:2)
  An orc wizard (D:13)
  A lava snake skeleton (Crypt:1)
  An orc (D:4)
  A bush (D:14)
  27 fungi
  87 plants
  9 starspawn tentacles
  4 tentacles (Shoals:4)
145 creatures vanquished.

Grand Total: 2764 creatures vanquished

Notes
Turn   | Place    | Note
-------+----------+-------------------------------------------
     0 | D:1      | Lobster4 the Merfolk Gladiator began the quest for the Orb.
     0 | D:1      | Reached XP level 1. HP: 16/16 MP: 1/1
    56 | D:1      | Reached XP level 2. HP: 21/23 MP: 2/2
   274 | D:1      | Reached XP level 3. HP: 28/28 MP: 3/3
   827 | D:2      | Found a faded altar of an unknown god.
   989 | D:2      | Reached skill level 5 in Polearms
  1153 | D:2      | Reached XP level 4. HP: 34/34 MP: 4/4
  1398 | D:3      | Noticed a phantom
  1441 | D:3      | Found an iron altar of Okawaru.
  1596 | D:3      | Became a worshipper of Warmaster Okawaru
  2011 | D:3      | Reached skill level 3 in Fighting
  2011 | D:3      | Reached XP level 5. HP: 31/41 MP: 5/5
  2426 | D:4      | Reached skill level 5 in Dodging
  2426 | D:4      | Reached skill level 1 in Invocations
  2520 | D:4      | Reached XP level 6. HP: 43/47 MP: 7/7
  2627 | D:4      | Reached * piety under Okawaru
  3238 | D:4      | Noticed a wyvern
  3249 | D:4      | Gained mutation: You are frail. (-10% HP) [potion of
                  | mutation]
  3249 | D:4      | Gained mutation: You are partially covered in iridescent
                  | scales. (AC +2) [potion of mutation]
  3451 | D:4      | Reached XP level 7. HP: 28/47 MP: 8/8
  3608 | D:4      | Found a staircase to the Ecumenical Temple.
  3646 | D:4      | Noticed Pargi
  3658 | D:4      | Killed Pargi
  3659 | D:4      | Reached skill level 4 in Fighting
  3707 | D:4      | Identified a scroll of acquirement
  3867 | D:3      | Killed a wyvern
  3867 | D:3      | Reached ** piety under Okawaru
  4147 | D:4      | Reached XP level 8. HP: 45/54 MP: 10/10
  4360 | D:4      | Reached skill level 1 in Stealth
  5112 | D:5      | Entered Level 5 of the Dungeon
  5342 | D:5      | Reached skill level 5 in Fighting
  5375 | D:5      | Reached *** piety under Okawaru
  5524 | D:5      | Noticed a wraith
  5648 | D:5      | Found Kausic's Hydra Hut.
  5656 | D:5      | Noticed a five-headed hydra
  5935 | D:6      | Reached XP level 9. HP: 50/61 MP: 11/11
  6086 | D:6      | Received a gift from Okawaru
  6087 | D:6      | Reached skill level 5 in Throwing
  6323 | D:6      | Reached skill level 1 in Ranged Weapons
  6355 | D:6      | Reached skill level 10 in Polearms
  6608 | D:7      | Found a flagged portal.
  6624 | Bailey   | Entered a bailey
  6709 | Bailey   | Reached **** piety under Okawaru
  6934 | Bailey   | Reached skill level 6 in Fighting
  7056 | Bailey   | Noticed an orc knight
  7400 | Bailey   | Reached skill level 1 in Evocations
  7676 | Bailey   | Killed an orc knight
  7677 | Bailey   | Reached XP level 10. HP: 66/69 MP: 12/12
  8471 | D:7      | Reached ***** piety under Okawaru
  8816 | D:8      | Acquired a manual of Maces & Flails
  8818 | D:8      | Acquired a manual of Polearms
  8826 | D:8      | Found Alyeh's Distillery.
  8831 | D:8      | Bought a potion of might for 64 gold pieces
  8831 | D:8      | Bought a potion of cancellation for 128 gold pieces
  8831 | D:8      | Bought a potion of magic for 128 gold pieces
  9059 | D:8      | Found Kaloy's General Store.
  9063 | D:8      | Found Ripluf's Specific Store.
  9072 | D:8      | Bought a +2 leather armour of willpower for 228 gold pieces
  9823 | D:7      | Reached skill level 7 in Fighting
 10016 | D:8      | Reached skill level 1 in Armour
 10061 | D:9      | Found a staircase to the Lair.
 10169 | D:9      | Noticed an elephant
 10429 | D:9      | Received a gift from Okawaru
 10451 | D:9      | Found a staircase to the Orcish Mines.
 10561 | D:9      | Killed an elephant
 10562 | D:9      | Reached XP level 11. HP: 61/75 MP: 14/14
 10989 | D:10     | Entered Level 10 of the Dungeon
 11232 | D:10     | Identified the +7 chain mail of the Old World {rElec}
 11270 | D:10     | Received a gift from Okawaru
 11292 | D:10     | Identified the +1 long sword of Conscience {flame, Fly}
 12087 | D:11     | Noticed a cyclops
 12100 | D:11     | Killed a cyclops
 12101 | D:11     | Reached skill level 10 in Dodging
 12134 | D:11     | Noticed a boulder beetle
 12152 | D:11     | Killed a boulder beetle
 12152 | D:11     | Received a gift from Okawaru
 12153 | D:11     | Reached skill level 8 in Fighting
 12153 | D:11     | Reached skill level 5 in Invocations
 12267 | D:11     | Found a runed translucent gate.
 12267 | D:11     | Found a runed translucent gate.
 12267 | D:11     | Found a runed translucent gate.
 12269 | D:11     | Found an opulent altar of Gozag.
 12272 | D:11     | Noticed Tangent's ghost (journeyman DrSu)
 12272 | D:11     | Noticed an orc knight
 12292 | D:11     | Noticed a cyclops
 12293 | D:11     | Noticed a moth of wrath
 12317 | D:11     | Reached skill level 15 in Polearms
 12340 | D:11     | a moth of wrath changed into a manticore
 12340 | D:11     | Noticed a manticore (shapeshifter)
 12341 | D:11     | a manticore changed into a guardian serpent
 12383 | D:11     | Noticed a two-headed ogre
 12399 | D:11     | Killed a two-headed ogre
 12399 | D:11     | Received a gift from Okawaru
 12637 | Orc:1    | Entered Level 1 of the Orcish Mines
 13011 | Orc:1    | Reached ****** piety under Okawaru
 13057 | Orc:1    | Identified the +4 robe of Nuloh {Contam Fly Str+9 Int+5}
                  | (Okawaru gifted it to you on level 1 of the Orcish Mines)
 13057 | Orc:1    | Received a gift from Okawaru
 13372 | Orc:2    | Entered Level 2 of the Orcish Mines
 13378 | Orc:2    | Noticed an ettin
 13457 | Orc:2    | Killed an ettin
 13498 | Orc:2    | Found Mociur's General Store.
 13512 | Orc:2    | Noticed an orc sorcerer
 13521 | Orc:2    | Killed an orc sorcerer
 13535 | Orc:2    | Reached XP level 12. HP: 81/84 MP: 16/16
 13537 | Orc:2    | Bought a scroll of magic mapping for 120 gold pieces
 13565 | Orc:2    | Found a flickering gateway to a bazaar.
 13574 | Bazaar   | Entered a bazaar
 13576 | Bazaar   | Found Huphirea's Antique Armour Boutique.
 13580 | Bazaar   | Found Heacenwe's Book Boutique.
 13580 | Bazaar   | Found Katunub's Assorted Antiques.
 13580 | Bazaar   | Found Ocvot's Distillery.
 13615 | Bazaar   | Bought a pair of glowing boots for 150 gold pieces
 13630 | Bazaar   | Bought a scroll of enchant weapon for 187 gold pieces
 13630 | Bazaar   | Bought a lumpy inky potion for 22 gold pieces
 13638 | Bazaar   | Bought a potion of curing for 36 gold pieces
 13638 | Bazaar   | Bought a potion of curing for 36 gold pieces
 13982 | Orc:2    | Noticed a centaur warrior
 14515 | Orc:2    | Killed a centaur warrior
 15419 | Orc:2    | Reached skill level 9 in Fighting
 15465 | Orc:2    | Found Egiet's Magic Scroll Shop.
 15468 | Orc:2    | Bought a scroll of vulnerability for 60 gold pieces
 15516 | Orc:1    | Noticed an orc high priest
 15516 | Orc:1    | Noticed a two-headed ogre
 15561 | Orc:1    | Killed an orc high priest
 15914 | Orc:2    | Found a staircase to the Elven Halls.
 15968 | Orc:2    | Found Recsoto's Self-Improvement Boutique.
 16157 | Orc:2    | Found Itaeh's Antique Weapon Shoppe.
 16157 | Orc:2    | Found Epasib's Armour Shop.
 16157 | Orc:2    | Found Yhixka's Distillery.
 16160 | Orc:2    | Found Gowuus's Magic Scroll Emporium.
 16416 | Orc:2    | Bought a scroll of identify for 30 gold pieces
 16459 | Orc:2    | Bought a +0 pair of boots of flying for 195 gold pieces
 16613 | Orc:2    | Killed a two-headed ogre
 16967 | Lair:1   | Entered Level 1 of the Lair of Beasts
 17216 | Lair:1   | Identified the +0 halberd "Gooviwi" {pain, Fragile rN++}
                  | (Okawaru gifted it to you on level 1 of the Lair of Beasts)
 17216 | Lair:1   | Received a gift from Okawaru
 17315 | Lair:1   | Acquired the ring "Orrygg" {rF+ EV+5 Int-5 Slay+6 Stlth+}
 17633 | Lair:1   | Found a runed translucent gate.
 17633 | Lair:1   | Found a runed translucent gate.
 17633 | Lair:1   | Found a runed translucent gate.
 17647 | Lair:1   | Noticed a minotaur
 17649 | Lair:1   | Noticed Neomef's ghost (novice DrCj)
 18018 | Lair:2   | Reached XP level 13. HP: 87/90 MP: 18/18
 18329 | Lair:2   | Identified the +0 kite shield "Tupnaol" {rElec rPois rF+
                  | Dex+2} (Okawaru gifted it to you on level 2 of the Lair of
                  | Beasts)
 18329 | Lair:2   | Received a gift from Okawaru
 18782 | Lair:2   | Reached skill level 1 in Shields
 18990 | Lair:2   | Reached skill level 10 in Fighting
 19734 | Lair:3   | Reached skill level 5 in Armour
 19807 | Lair:3   | Found a runed translucent door.
 19854 | Lair:3   | Found a staircase to the Snake Pit.
 19932 | Lair:3   | Found a frozen archway.
 19941 | IceCv    | Entered an ice cave
 20713 | IceCv    | Received a gift from Okawaru
 20800 | IceCv    | Reached XP level 14. HP: 99/99 MP: 20/20
 21091 | IceCv    | Found an ancient bone altar of Kikubaaqudgha.
 21630 | Lair:3   | Found a staircase to the Shoals.
 21693 | Lair:3   | Noticed Kirke
 21701 | Lair:3   | Reached skill level 5 in Ranged Weapons
 21709 | Lair:3   | Killed Kirke
 21812 | Lair:3   | Identified the +0 pair of boots "Ihy Diwk" {rC+ Slay+3}
 22444 | Lair:4   | Found a staircase to the Slime Pits.
 22816 | Lair:4   | Received a gift from Okawaru
 22935 | Lair:5   | Entered Level 5 of the Lair of Beasts
 23073 | Lair:5   | Received a gift from Okawaru
 23080 | Lair:5   | Reached skill level 10 in Throwing
 23206 | Lair:5   | Reached skill level 11 in Fighting
 24166 | Lair:5   | Received a gift from Okawaru
 24251 | Lair:5   | Found a large runed translucent door.
 24267 | Lair:5   | Reached skill level 5 in Shields
 24271 | Lair:5   | Found a large runed translucent door.
 24376 | Lair:5   | Reached XP level 15. HP: 106/107 MP: 21/21
 24599 | Lair:5   | Got the Handbook of the Singularity
 25101 | D:12     | Received a gift from Okawaru
 25314 | D:12     | Found Zygryumpu's Assorted Antiques.
 25321 | D:12     | Bought 2 fizzy purple potions for 46 gold pieces
 25342 | D:12     | Bought a scroll labelled GONAME QEBO for 26 gold pieces
 25682 | D:12     | Identified the +1 robe of the Armoured One {rPois rF- rCorr
                  | Int+4} (Okawaru gifted it to you on level 12 of the
                  | Dungeon)
 25682 | D:12     | Received a gift from Okawaru
 25700 | D:12     | Acquired 499 gold pieces
 25973 | D:13     | Learned a level 3 spell: Hailstorm
 26173 | D:13     | Found a gate to the Vaults.
 26349 | D:13     | Reached skill level 1 in Ice Magic
 26586 | D:13     | Reached skill level 1 in Spellcasting
 26845 | D:14     | You fall into a shaft and drop 1 floor!
 26845 | D:15     | Entered Level 15 of the Dungeon
 26980 | D:14     | Reached skill level 1 in Conjurations
 27025 | D:14     | Identified the ring of Xom's Amusement {rPois rC+ Int+6}
 27052 | D:14     | Noticed Snorg
 27066 | D:14     | Killed Snorg
 27144 | D:14     | Found a white marble altar of Elyvilon.
 27698 | D:15     | Received a gift from Okawaru
 27789 | D:15     | Noticed a sphinx
 27802 | D:15     | Paralysed by a sphinx for 4 turns
 27806 | D:15     | Killed a sphinx
 27956 | D:15     | Reached skill level 12 in Fighting
 27980 | D:15     | Identified the +1 pair of gloves of the Ditch-Digger {Harm
                  | rPois Will+ Str-3} (Okawaru gifted it to you on level 15 of
                  | the Dungeon)
 27980 | D:15     | Received a gift from Okawaru
 28015 | D:15     | Found a staircase to the Depths.
 28237 | D:15     | Found an ornate altar of the Wu Jian Council.
 28297 | D:15     | Noticed Nessos
 28311 | D:15     | Killed Nessos
 28544 | D:15     | Upgraded the game from 0.30-a0-1085-g990a428a5c to
                  | 0.30-a0-1094-g860fb061e7
 29212 | Snake:1  | Entered Level 1 of the Snake Pit
 29292 | Snake:1  | Reached XP level 16. HP: 83/114 MP: 12/23
 29444 | Snake:1  | Noticed Donald
 29455 | Snake:1  | Killed Donald
 29635 | Snake:1  | Found Suavveh's Distillery.
 29638 | Snake:1  | Bought a potion of heal wounds for 75 gold pieces
 29638 | Snake:1  | Bought a potion of haste for 150 gold pieces
 29670 | Snake:1  | Reached skill level 10 in Invocations
 30584 | Snake:2  | Received a gift from Okawaru
 30759 | Snake:2  | Received a gift from Okawaru
 30767 | Snake:2  | Reached skill level 15 in Dodging
 30863 | Snake:2  | Received a gift from Okawaru
 31031 | Snake:2  | Reached skill level 5 in Ice Magic
 31478 | Snake:3  | Identified the +0 leather armour of Hairiness {rC+}
 31709 | Snake:3  | Received a gift from Okawaru
 31799 | Snake:3  | Reached skill level 13 in Fighting
 31929 | Snake:3  | Received a gift from Okawaru
 31940 | Snake:3  | Reached XP level 17. HP: 115/122 MP: 24/24
 32245 | Snake:3  | Found Plog's Distillery.
 32252 | Snake:3  | Bought a potion of heal wounds for 80 gold pieces
 32327 | Snake:4  | Entered Level 4 of the Snake Pit
 32419 | Snake:4  | Received a gift from Okawaru
 32812 | Snake:4  | Identified the +3 war axe of the Writhing Rat {flame, Str+2
                  | Int+6}
 33041 | Snake:4  | Received a gift from Okawaru
 33326 | Snake:4  | Received a gift from Okawaru
 33427 | Snake:4  | Identified the +1 pair of gloves of the Stag {rC+} (Okawaru
                  | gifted it to you on level 4 of the Snake Pit)
 33427 | Snake:4  | Received a gift from Okawaru
 33684 | Snake:4  | Got a serpentine rune of Zot
 33936 | Snake:4  | Reached skill level 5 in Spellcasting
 34203 | Shoals:1 | Entered Level 1 of the Shoals
 35078 | Shoals:2 | Identified the +4 leather armour of the Blessed Realm
                  | {Drain Will+ Dex+3}
 35118 | Shoals:2 | Reached XP level 18. HP: 130/130 MP: 26/26
 35193 | Shoals:2 | Received a gift from Okawaru
 35279 | Shoals:2 | Found Deopumud's Gadget Gallery.
 35473 | Shoals:2 | Received a gift from Okawaru
 36089 | Shoals:3 | Found a flickering gateway to a bazaar.
 36114 | Bazaar   | Entered a bazaar
 36115 | Bazaar   | Found Vuablulugo's General Store.
 36118 | Bazaar   | Found Kutwofew's General Store.
 36135 | Bazaar   | Found Bumoine's Antique Weapon Shop.
 36151 | Bazaar   | Found Uduiniz's Distillery.
 36156 | Bazaar   | Found Naokek's Armour Boutique.
 36185 | Bazaar   | Bought a twisted morningstar for 225 gold pieces
 36185 | Bazaar   | Identified the +0 morningstar "Ivuntuk" {protect, Fly rC+
                  | Str+3} (You bought it in a shop in a bazaar)
 36187 | Bazaar   | Bought a slimy war axe for 212 gold pieces
 36187 | Bazaar   | Identified the +4 war axe "Limu" {freeze, Int+2 Dex+3} (You
                  | bought it in a shop in a bazaar)
 36204 | Bazaar   | Bought a potion of heal wounds for 45 gold pieces
 36230 | Bazaar   | Bought a potion of berserk rage for 85 gold pieces
 36230 | Bazaar   | Bought a potion of lignification for 51 gold pieces
 36230 | Bazaar   | Bought a potion of might for 68 gold pieces
 36230 | Bazaar   | Bought a potion of might for 68 gold pieces
 36259 | Shoals:3 | Got Sif Muna's Tome of Changes and Toxicants
 36299 | Shoals:3 | Noticed Jorgrun
 36319 | Shoals:3 | Killed Jorgrun
 36320 | Shoals:3 | Reached skill level 14 in Fighting
 36618 | Shoals:3 | Found Byamidgh's Jewellery Shoppe.
 36671 | Shoals:3 | Bought the ring "Ytaf" {rC+ MP+9 Str-3 Int+2 Dex+4} for 483
                  | gold pieces
 36837 | Shoals:3 | Found Coalae's Magic Scroll Boutique.
 36848 | Shoals:3 | Bought a scroll of teleportation for 45 gold pieces
 36848 | Shoals:3 | Bought a scroll of teleportation for 45 gold pieces
 36903 | Shoals:4 | Entered Level 4 of the Shoals
 36903 | Shoals:4 | Noticed Polyphemus
 36934 | Shoals:4 | Found a hazy altar of Hepliaklqana.
 37139 | Shoals:4 | Identified the +0 hand crossbow of the Shifting Firefly
                  | {elec, Int+2} (Okawaru gifted it to you on level 4 of the
                  | Shoals)
 37139 | Shoals:4 | Received a gift from Okawaru
 37275 | Shoals:4 | Reached skill level 5 in Stealth
 37504 | Shoals:4 | Killed Polyphemus
 37590 | Shoals:4 | Received a gift from Okawaru
 37853 | Shoals:4 | Received a gift from Okawaru
 38089 | Shoals:4 | Identified the +4 long sword "Oraewoge" {drain, rPois
                  | Str+8}
 38131 | Shoals:4 | Reached XP level 19. HP: 110/137 MP: 28/28
 38235 | Shoals:4 | Got a barnacled rune of Zot
 38561 | Shoals:4 | Reached skill level 10 in Shields
 39016 | Elf:1    | Entered Level 1 of the Elven Halls
 39111 | Elf:1    | Noticed Aizul
 39128 | Elf:1    | Killed Aizul
 39233 | Elf:1    | Reached skill level 5 in Conjurations
 39447 | Elf:1    | Noticed Agnes
 39455 | Elf:1    | Killed Agnes
 40075 | Elf:2    | Reached XP level 20. HP: 144/144 MP: 30/30
 40121 | Elf:2    | Paralysed by an orc sorcerer for 2 turns
 40145 | Elf:2    | Identified the +0 tower shield of Decompression {Int+4}
                  | (Okawaru gifted it to you on level 2 of the Elven Halls)
 40145 | Elf:2    | Received a gift from Okawaru
 40294 | Elf:2    | Found a runed translucent gate.
 40294 | Elf:2    | Found a runed translucent gate.
 40294 | Elf:2    | Found a runed translucent gate.
 40410 | Elf:3    | Entered Level 3 of the Elven Halls
 40557 | Elf:3    | Reached skill level 15 in Fighting
 40651 | Elf:3    | Noticed Asterion
 41140 | Elf:3    | Got the Tractate on the Sepulchral Wyrd
 41198 | Elf:3    | Killed Asterion
 41468 | Elf:3    | Reached skill level 10 in Armour
 41605 | Elf:3    | Identified the +5 battleaxe of Sett {freeze, rF++ rN+}
 41993 | Elf:3    | Reached XP level 21. HP: 144/152 MP: 33/33
 41999 | Elf:3    | Gained mutation: You have hidden genetic defects. [a
                  | neqoxec]
 42090 | Elf:3    | Received a gift from Okawaru
 42091 | Elf:3    | Identified the +0 scale mail of Eternity {Int+3}
 42156 | Abyss:2  | Cast into level 2 of the Abyss (a deep elf sorcerer)
 42211 | Abyss:2  | Received a gift from Okawaru
 42354 | Abyss:2  | Gained mutation: You are dopey. (Int -2) [a neqoxec]
 42391 | Abyss:2  | Reached skill level 10 in Ice Magic
 42416 | Abyss:2  | Found a corrupted altar of Lugonu.
 42533 | Abyss:2  | Found a corrupted altar of Lugonu.
 42536 | Abyss:2  | Found a corrupted altar of Lugonu.
 42756 | Abyss:2  | Found a corrupted altar of Lugonu.
 42794 | Abyss:2  | Gained mutation: You are vulnerable to cold. (rC-) [hidden
                  | defects]
 42806 | Abyss:2  | Found a corrupted altar of Lugonu.
 42993 | Abyss:2  | Found a corrupted altar of Lugonu.
 43023 | Elf:3    | Escaped the Abyss
 43253 | Elf:3    | Reached skill level 16 in Fighting
 43374 | Elf:3    | Identified the +1 robe of Sophism {rElec}
 43390 | Elf:3    | Identified the staff of conjuration "Imne" {rElec rPois
                  | rN+}
 43415 | Elf:3    | Identified the staff of earth "Ymemnyeps" {rElec rN+ Int+3}
 43865 | Shoals:3 | Lost mutation: You are vulnerable to cold. (rC-) [potion of
                  | mutation]
 43865 | Shoals:3 | Lost mutation: You are dopey. (Int -2) [potion of mutation]
 43865 | Shoals:3 | Gained mutation: You are very frail. (-20% HP) [potion of
                  | mutation]
 43865 | Shoals:3 | Gained mutation: You are extremely frail. (-30% HP) [potion
                  | of mutation]
 43865 | Shoals:3 | Gained mutation: You are agile. (Dex +4, Str/Int -1)
                  | [potion of mutation]
 43866 | Shoals:3 | Lost mutation: You are extremely frail. (-30% HP) [potion
                  | of mutation]
 43866 | Shoals:3 | Lost mutation: You have hidden genetic defects. [potion of
                  | mutation]
 43866 | Shoals:3 | Gained mutation: Armour fits poorly on your strangely
                  | shaped body. [potion of mutation]
 43866 | Shoals:3 | Gained mutation: Your spells are a little easier to cast,
                  | but a little less powerful. [potion of mutation]
 43867 | Shoals:3 | Lost mutation: Armour fits poorly on your strangely shaped
                  | body. [potion of mutation]
 43867 | Shoals:3 | Lost mutation: You are partially covered in iridescent
                  | scales. (AC +2) [potion of mutation]
 43867 | Shoals:3 | Gained mutation: You are very agile. (Dex +8, Str/Int -2)
                  | [potion of mutation]
 44097 | Orc:2    | Bought a buzzing scimitar for 270 gold pieces
 44097 | Orc:2    | Identified the +4 scimitar "Xezehux" {flame, rF+ Dex+4
                  | SInv} (You bought it in a shop on level 2 of the Orcish
                  | Mines)
 44225 | D:12     | Bought a bloodstained long sword for 221 gold pieces
 44225 | D:12     | Identified the +5 long sword "Zuacoti" {pain, rN+++ Will-
                  | Int+2} (You bought it in a shop on level 12 of the Dungeon)
 44323 | Vaults:1 | Entered Level 1 of the Vaults
 44358 | Vaults:1 | Paralysed by a sphinx for 5 turns
 44468 | D:13     | Reached skill level 1 in Long Blades
 44545 | Vaults:1 | Reached skill level 15 in Throwing
 44670 | Vaults:1 | Identified the +0 ring mail of the Will of the Gods {rC-
                  | Will++ Str+6} (Okawaru gifted it to you on level 1 of the
                  | Vaults)
 44670 | Vaults:1 | Received a gift from Okawaru
 45287 | Vaults:1 | Reached skill level 5 in Long Blades
 45695 | Vaults:1 | Reached skill level 10 in Spellcasting
 45979 | Vaults:2 | Reached XP level 22. HP: 144/144 MP: 36/36
 46292 | Vaults:2 | Reached skill level 17 in Fighting
 46548 | Vaults:2 | Identified the +2 helmet of Defence {Contam rC+ Int+9
                  | Slay-2} (Okawaru gifted it to you on level 2 of the Vaults)
 46548 | Vaults:2 | Received a gift from Okawaru
 47390 | Vaults:3 | Reached skill level 10 in Long Blades
 47808 | Vaults:3 | Found Ceulany's Antique Weapon Boutique.
 47815 | Vaults:3 | Bought a scorched scimitar for 207 gold pieces
 47815 | Vaults:3 | Identified the +6 scimitar of a volcano {vamp, Int+3} (You
                  | bought it in a shop on level 3 of the Vaults)
 48126 | Vaults:3 | Found a staircase to the Crypt.
 48371 | Vaults:3 | Received a gift from Okawaru
 49176 | Vaults:4 | Reached XP level 23. HP: 135/152 MP: 38/38
 49302 | Vaults:4 | Identified the +0 pair of boots of the Heavens {+Inv rElec}
                  | (Okawaru gifted it to you on level 4 of the Vaults)
 49302 | Vaults:4 | Received a gift from Okawaru
 49304 | Vaults:4 | Reached skill level 18 in Fighting
 49699 | Abyss:2  | Cast into level 2 of the Abyss (a wizard)
 49706 | Abyss:2  | Noticed a dread lich
 49708 | Abyss:2  | Paralysed by a dread lich for 4 turns
 49726 | Abyss:2  | Paralysed by a dread lich for 5 turns
 49957 | Abyss:3  | Found a corrupted altar of Lugonu.
 49960 | Abyss:3  | Found a corrupted altar of Lugonu.
 49960 | Abyss:3  | Found a corrupted altar of Lugonu.
 49993 | Abyss:3  | Killed a dread lich
 50226 | Abyss:3  | Found a sacrificial altar of Ru.
 50342 | Abyss:3  | Found a glowing golden altar of the Shining One.
 50351 | Abyss:3  | Noticed a juggernaut
 50361 | Abyss:3  | Killed a juggernaut
 50390 | Abyss:3  | Got an abyssal rune of Zot
 50432 | Vaults:4 | Escaped the Abyss
 50571 | Vaults:4 | Received a gift from Okawaru
 50572 | Vaults:4 | Reached skill level 19 in Fighting
 50613 | Vaults:4 | Found Acaipror's Jewellery Boutique.
 51392 | Vaults:4 | Learned a level 5 spell: Freezing Cloud
 52210 | Crypt:1  | Entered Level 1 of the Crypt
 52284 | Crypt:1  | Reached skill level 1 in Air Magic
 52332 | Crypt:1  | Noticed Boris
 52339 | Crypt:1  | Killed Boris
 52353 | Crypt:1  | Noticed Sojobo
 52376 | Crypt:1  | Reached skill level 15 in Long Blades
 52384 | Crypt:1  | Paralysed by an air elemental for 1 turns
 52521 | Crypt:1  | Killed Sojobo
 52707 | Crypt:1  | Noticed Xtahua
 52718 | Crypt:1  | Killed Xtahua
 52910 | Crypt:1  | Found a runed translucent gate.
 52917 | Crypt:1  | Found a runed translucent gate.
 52917 | Crypt:1  | Found a runed translucent gate.
 52918 | Crypt:1  | Noticed Houmnergh's ghost (master GnTm)
 52918 | Crypt:1  | Noticed Hegoitz's ghost (veteran MiGl)
 52918 | Crypt:1  | Found an ancient bone altar of Kikubaaqudgha.
 52918 | Crypt:1  | Noticed an ancient lich
 52918 | Crypt:1  | Noticed Uroast's ghost (veteran MiGl)
 53180 | Crypt:2  | Reached XP level 24. HP: 161/161 MP: 39/39
 53432 | Crypt:2  | Found a runed translucent gate.
 53432 | Crypt:2  | Found a runed translucent gate.
 53433 | Crypt:2  | Found a runed translucent gate.
 53437 | Crypt:2  | Noticed Weuw's ghost (adept GrFi)
 53550 | Crypt:2  | Paralysed by a floating eye for 3 turns
 53573 | Crypt:2  | Paralysed by a floating eye for 3 turns
 53724 | Crypt:2  | Paralysed by a floating eye for 2 turns
 53730 | Crypt:2  | Paralysed by a floating eye for 2 turns
 53768 | Crypt:2  | Found an ancient bone altar of Kikubaaqudgha.
 54019 | Crypt:2  | Received a gift from Okawaru
 54182 | Crypt:2  | Killed Weuw's ghost
 54193 | Crypt:2  | Identified the amulet "Riuwuj" {Reflect rElec rF- Will+
                  | SH+5}
 54309 | Crypt:3  | Entered Level 3 of the Crypt
 54319 | Crypt:2  | Identified the +1 spear of Dishonesty {venom, rElec rN+
                  | rCorr Dex-5} (Okawaru gifted it to you on level 2 of the
                  | Crypt)
 54319 | Crypt:2  | Received a gift from Okawaru
 54368 | Crypt:3  | Found a staircase to the Tomb.
 55116 | Crypt:3  | Found a basalt altar of Yredelemnul.
 55121 | Crypt:3  | Received a gift from Okawaru
 55286 | Crypt:3  | Reached skill level 20 in Fighting
 55333 | Crypt:3  | Noticed an ancient lich
 55347 | Crypt:3  | Killed an ancient lich
 55423 | Crypt:3  | Got the Annotations on the Quarry
 55442 | Crypt:3  | Got Kikubaaqudgha's Dissertation on Cadavers
 55444 | Crypt:3  | Got the Exposition on the Xenolith and the Cure
 55536 | Crypt:3  | Identified the ring of Mubroeb {rElec rF+ rC- rN+ Str+4}
 55536 | Crypt:3  | Identified the ring "Yqewaots" {rN+ MP+9 Str+3 Int-4
                  | Slay+4}
 55536 | Crypt:3  | Identified the ring of Miracles {rElec rN+ Str+3 Int+2 SInv
                  | Stlth-}
 55892 | Crypt:3  | Received a gift from Okawaru
 55964 | Crypt:3  | Reached skill level 5 in Air Magic
 56630 | Elf:2    | Reached XP level 25. HP: 168/168 MP: 39/39
 56682 | Elf:2    | Received a gift from Okawaru
 57266 | Depths:1 | Entered Level 1 of the Depths
 57345 | Depths:1 | Noticed Boris
 57359 | Depths:1 | Killed Boris
 58193 | Depths:1 | Found a gateway to Hell.
 58677 | Depths:2 | Received a gift from Okawaru
 58827 | Depths:2 | Found a one-way gateway to a ziggurat.
 59221 | Depths:2 | Received a gift from Okawaru
 59291 | Depths:2 | Found a one-way gate leading to the halls of Pandemonium.
 59644 | Depths:2 | Noticed a dread lich
 59761 | Depths:2 | Killed a dread lich
 59842 | Depths:2 | Identified the +8 chain mail of Ziashru {rC+ Slay+2}
 60119 | Depths:3 | Found a portal to a secret trove of treasure.
 60142 | Depths:3 | You paid a toll of 3 potions of resistance to enter a
                  | treasure trove
 60143 | Trove    | Entered a treasure trove
 60167 | Trove    | Identified the +8 trident of Mieloff {freeze, rCorr Int+4}
 60169 | Trove    | Identified the ring "Gitsacso" {Wiz Str-4 Int+4}
 60171 | Trove    | Identified the +0 pair of gloves of Submission {Str+3}
 60172 | Trove    | Identified the ring "Ikuny" {Wiz Int+4}
 61285 | Depths:2 | Found a one-way gateway to a ziggurat.
 61639 | Depths:2 | Found a one-way gate leading to the halls of Pandemonium.
 62286 | Orc:2    | Bought a scroll of teleportation for 42 gold pieces
 62286 | Orc:2    | Bought a scroll of blinking for 105 gold pieces
 62286 | Orc:2    | Bought a scroll of immolation for 56 gold pieces
 62708 | Depths:3 | Received a gift from Okawaru
 62834 | Depths:3 | Found a radiant altar of Vehumet.
 63378 | Depths:3 | Noticed Grunn
 64116 | Depths:3 | Killed Grunn
 64170 | Depths:3 | Found a one-way gate to the infinite horrors of the Abyss.
 64439 | Depths:4 | Entered Level 4 of the Depths
 64586 | Depths:4 | Reached XP level 26. HP: 165/176 MP: 40/40
 64601 | Depths:4 | Reached skill level 5 in Evocations
 64943 | Depths:4 | Found a gate to the Realm of Zot.
 65353 | Depths:4 | Reached skill level 21 in Fighting
 65358 | Depths:4 | Identified the +1 plate armour of Watchfulness {rF+ Int+2}
                  | (Okawaru gifted it to you on level 4 of the Depths)
 65358 | Depths:4 | Received a gift from Okawaru
 65972 | Depths:4 | Found a sparkling altar of Nemelex Xobeh.
 66561 | Crypt:1  | Killed an ancient lich
 66562 | Crypt:1  | Reached skill level 15 in Ice Magic
 66797 | Crypt:1  | Killed Houmnergh's ghost
 66857 | Crypt:1  | Killed Uroast's ghost
 66869 | Crypt:1  | Killed Hegoitz's ghost
 66908 | Crypt:1  | Identified the staff of cold "Anuuz" {rC+ Str+3}
 66910 | Crypt:1  | Identified the ring of Gyij {Fly rC+ Str-5 Slay+4 Stlth+}
 66915 | Crypt:1  | Identified the +2 pair of gloves "Abemuwnug" {Str+2}
 66921 | Crypt:1  | Identified the +2 crystal plate armour of Hyrphuij {*Slow
                  | rF+ Will++}
 67088 | Vaults:4 | Acquired the +2 pair of slick slippers {slick, slippery,
                  | EV+4}
 67088 | Vaults:4 | Found the +2 pair of slick slippers {slick, slippery, EV+4}
 67102 | Vaults:5 | Entered Level 5 of the Vaults
 67650 | Vaults:5 | Noticed a dread lich
 67957 | Vaults:4 | Killed a dread lich
 67957 | Vaults:4 | Identified the +7 trident of Doom {heavy, rN+ Dex+3 SInv}
                  | (Okawaru gifted it to you on level 4 of the Vaults)
 67957 | Vaults:4 | Received a gift from Okawaru
 67958 | Vaults:4 | Reached skill level 22 in Fighting
 68755 | Vaults:5 | HP: 2/180 [deep elf sorcerer/damnation (53)]
 68756 | Vaults:5 | Noticed an ancient lich
 68791 | Vaults:5 | Noticed an ancient lich
 68803 | Vaults:5 | Killed an ancient lich
 68900 | Vaults:5 | Killed an ancient lich
 69429 | Vaults:5 | Reached XP level 27. HP: 170/171 MP: 40/40
 69697 | Vaults:5 | Received a gift from Okawaru
 69888 | Vaults:5 | Got a silver rune of Zot
 69890 | Vaults:5 | Identified the staff of cold "Inos Reulo" {rC+ Will+}
 70627 | Vaults:5 | Received a gift from Okawaru
 70729 | Vaults:5 | Identified the staff of earth "Icirataxt" {rCorr Str-5
                  | Stlth+}
 70740 | Vaults:5 | Found Zegrehe's Assorted Antiques.
 70748 | Vaults:5 | Bought a scroll of teleportation for 87 gold pieces
 70748 | Vaults:5 | Bought a steaming scarf for 290 gold pieces
 70748 | Vaults:5 | Identified the scarf of Ahaovoj {shadows, Harm Will- Regen+
                  | SInv} (You bought it in a shop on level 5 of the Vaults)
 70751 | Vaults:5 | Bought a potion of cancellation for 232 gold pieces
 70751 | Vaults:5 | Bought 2 potions of curing for 174 gold pieces
 70850 | Vaults:5 | Found the +8 arc blade {discharge, rElec}
 70878 | Vaults:5 | Identified the ring "Inuihy" {Contam rPois rN+++ rCorr
                  | Stlth+}
 70911 | Vaults:5 | Identified the +1 mace "Larah" {elec, Will+ Dex+3}
 70918 | Vaults:5 | Got the Codex of the Goat
 70920 | Vaults:5 | Identified the +0 dagger "Jaiprid" {venom, Str+2 Int+2
                  | Dex+5}
 70988 | Vaults:5 | Reached skill level 23 in Fighting
 71068 | Vaults:5 | Identified the ring of the Grim God {Will+ AC+4}
 71303 | Vaults:5 | Identified the ring "Turoled" {rN+ Int+4 Stlth-}
 71751 | D:8      | Bought a potion of heal wounds for 60 gold pieces
 71782 | D:8      | Bought a potion of heal wounds for 80 gold pieces
 71782 | D:8      | Bought a potion of heal wounds for 80 gold pieces
 71996 | Snake:3  | Bought a potion of resistance for 160 gold pieces
 71996 | Snake:3  | Bought 2 potions of curing for 96 gold pieces
 71996 | Snake:3  | Bought a potion of heal wounds for 80 gold pieces
 71996 | Snake:3  | Bought a potion of heal wounds for 80 gold pieces
 72254 | Orc:2    | Bought a scroll of teleportation for 45 gold pieces
 72310 | Orc:2    | Bought a scroll of teleportation for 48 gold pieces
 72562 | Zot:1    | Entered Level 1 of the Realm of Zot
 74095 | Zot:2    | Acquired the +0 pair of gloves "Zuleit" {Rampage rF+ Will+
                  | Int+3}
 74230 | Arena    | Entered the Arena
 75097 | Zot:2    | Received a gift from Okawaru
 75488 | Zot:2    | Reached skill level 15 in Shields
 75735 | Zot:1    | Identified the +1 robe "Fyruwiph" {Regen+} (Okawaru gifted
                  | it to you on level 1 of the Realm of Zot)
 75735 | Zot:1    | Received a gift from Okawaru
 75922 | Zot:2    | Reached skill level 24 in Fighting
 77716 | Zot:3    | Reached skill level 15 in Armour
 79013 | Zot:4    | Identified the +4 battleaxe "Pedefihi" {heavy, rElec rN+}
 79457 | Zot:4    | Learned a level 7 spell: Ozocubu's Refrigeration
 79879 | Zot:5    | Entered Level 5 of the Realm of Zot
 79899 | Zot:5    | Received a gift from Okawaru
 79918 | Zot:5    | Noticed an orb of fire
 79918 | Zot:5    | Noticed an ancient lich
 79919 | Zot:5    | Noticed an orb of fire
 79926 | Zot:5    | Gained mutation: Potions are less effective at restoring
                  | your health. [an orb of fire]
 79936 | Zot:5    | Noticed an ancient lich
 79943 | Zot:5    | Noticed an ancient lich
 79945 | Zot:5    | Noticed a dread lich
 81071 | Zot:5    | Identified the +1 robe of Relativism {+Blink Int+2}
                  | (Okawaru gifted it to you on level 5 of the Realm of Zot)
 81071 | Zot:5    | Received a gift from Okawaru
 81094 | Zot:5    | Lost mutation: You are very frail. (-20% HP) [potion of
                  | mutation]
 81094 | Zot:5    | Lost mutation: Potions are less effective at restoring your
                  | health. [potion of mutation]
 81094 | Zot:5    | Lost mutation: You are frail. (-10% HP) [potion of
                  | mutation]
 81094 | Zot:5    | Lost mutation: Your spells are a little easier to cast, but
                  | a little less powerful. [potion of mutation]
 81094 | Zot:5    | Gained mutation: Your spells are a little harder to cast,
                  | but a little more powerful. [potion of mutation]
 81094 | Zot:5    | Gained mutation: You possess an exceptional clarity of
                  | mind. [potion of mutation]
 81224 | Zot:5    | Gained mutation: Your magical capacity is low. (-10% MP)
                  | [an orb of fire]
 81227 | Zot:5    | Gained mutation: You are dopey. (Int -2) [an orb of fire]
 81232 | Zot:5    | Killed an orb of fire
 81568 | Zot:5    | Killed an ancient lich
 81569 | Zot:5    | Reached skill level 25 in Fighting
 81696 | Zot:5    | Killed a dread lich
 81734 | Zot:5    | Killed an ancient lich
 81941 | Zot:5    | Noticed an orb of fire
 81964 | Zot:5    | Killed an orb of fire
 82115 | Zot:5    | Noticed an orb of fire
 82116 | Zot:5    | Gained mutation: You do not regenerate when monsters are
                  | visible. [an orb of fire]
 82137 | Zot:5    | Gained mutation: Potions are less effective at restoring
                  | your health. [an orb of fire]
 82141 | Zot:5    | Killed an orb of fire
 82151 | Zot:5    | Lost mutation: Your magical capacity is low. (-10% MP)
                  | [potion of mutation]
 82151 | Zot:5    | Lost mutation: You possess an exceptional clarity of mind.
                  | [potion of mutation]
 82151 | Zot:5    | Lost mutation: You do not regenerate when monsters are
                  | visible. [potion of mutation]
 82151 | Zot:5    | Gained mutation: You are occasionally teleported next to
                  | monsters. [potion of mutation]
 82151 | Zot:5    | Gained mutation: You occasionally lose the ability to drink
                  | potions when taking damage. [potion of mutation]
 82151 | Zot:5    | Gained mutation: Your flesh is cold resistant. (rC+)
                  | [potion of mutation]
 82151 | Zot:5    | Gained mutation: You passively dampen the noise of your
                  | surroundings. [potion of mutation]
 82152 | Zot:5    | Lost mutation: You are occasionally teleported next to
                  | monsters. [potion of mutation]
 82152 | Zot:5    | Lost mutation: You passively dampen the noise of your
                  | surroundings. [potion of mutation]
 82152 | Zot:5    | Gained mutation: You expend magic power (3 MP) to
                  | strengthen your wands. [potion of mutation]
 82152 | Zot:5    | Gained mutation: Your flesh is heat resistant. (rF+)
                  | [potion of mutation]
 82153 | Zot:5    | Lost mutation: Your flesh is cold resistant. (rC+) [potion
                  | of mutation]
 82153 | Zot:5    | Lost mutation: Your spells are a little harder to cast, but
                  | a little more powerful. [potion of mutation]
 82153 | Zot:5    | Lost mutation: Potions are less effective at restoring your
                  | health. [potion of mutation]
 82153 | Zot:5    | Gained mutation: You sometimes lose your temper in combat.
                  | [potion of mutation]
 82153 | Zot:5    | Lost mutation: You sometimes lose your temper in combat.
                  | [potion of mutation]
 82153 | Zot:5    | Gained mutation: You are frail. (-10% HP) [potion of
                  | mutation]
 82435 | Zot:5    | Noticed a dread lich
 82451 | Zot:5    | Killed a dread lich
 82606 | Zot:5    | Killed an ancient lich
 82709 | Zot:5    | Killed an orb of fire
 83413 | Zot:5    | Received a gift from Okawaru
 83755 | Zot:5    | Received a gift from Okawaru
 84405 | Zot:5    | Got the Orb of Zot
 84420 | Zot:5    | Noticed Latuhoem the pandemonium lord
 84421 | Zot:5    | Gained mutation: You have hidden genetic defects. [a
                  | neqoxec]
 84492 | Zot:4    | Lost mutation: You are very agile. (Dex +8, Str/Int -2)
                  | [potion of mutation]
 84492 | Zot:4    | Lost mutation: You are dopey. (Int -2) [potion of mutation]
 84492 | Zot:4    | Lost mutation: You occasionally lose the ability to drink
                  | potions when taking damage. [potion of mutation]
 84492 | Zot:4    | Gained mutation: You have a pair of small horns on your
                  | head. [potion of mutation]
 84492 | Zot:4    | Gained mutation: You are partially covered in large bone
                  | plates. (SH +4) [potion of mutation]
 84505 | Zot:3    | Gained mutation: You are strong-willed. (Will+) [mutagenic
                  | glow]
 85184 | D:3      | Noticed Boris
 85275 | D:$      | Escaped with the Orb!

Illustrated notes

Levels and vault maps discovered:
D:1:      kennysheep_arrival_seaside, layout_rooms, minmay_tiny_reverse_x
D:2:      layout_basic, shapermc_ecumenical_altar_totnotflames
D:3:      layout_basic, okawaru_gym_becter
D:4:      lemuel_castle_with_subvaults [lemuel_castle_interior_original],
          layout_basic, minmay_temple_entry_slanted, uniq_pargi
D:5:      nicolae_cairo_tiling_large_dashed, layout_cave_pools,
          doesnt_shop_hydraphobe
D:6:      lemuel_ice_spiral_2, layout_rooms
D:7:      layout_basic, enter_bailey_3, enter_ossuary_4
D:8:      layout_layer_cave, serial_shops, shop, st_stairs_13,
          nicolae_specific_store
D:9:      layout_basic, david_lair_generic, erik_orc_4
D:10:     layout_long_grid, chequers_arboretum
D:11:     layout_big_octagon, ebering_ghost_gozag
D:12:     layout_loops_cross, serial_shops, shop, lightli_minifort
D:13:     layout_rooms, skrybe_vaults_entry_preservation, dk_noncrumbling_2
D:14:     layout_loops_cross, elyvilon_altar_1, uniq_snorg
D:15:     grunt_enter_depths_snipers, layout_basic, minmay_misc_feat_cross,
          nzn_wu_jian_council_hall, uniq_nessos
Lair:1:   layout_cave_pods, maelrawn_ghost_gauntlet_escape, lemuel_fruit_fields,
          lemuel_fruit_tree
Lair:2:   hangedman_what_comes_after_a, layout_gridlike, grunt_megastairs_3,
          lemuel_fruit_fields
Lair:3:   gammafunk_mikee_crab_dinner, layout_cave_pods,
          minmay_shoals_entry_lonely_mermaid, guppyfry_snake_entry_garden,
          portal_ice_cave_entry_pillars_2, uniq_kirke
Lair:4:   layout_roguey, nicolae_slime_entry_slimehenge,
          chequers_serial_rivers_micro_c, chequers_serial_rivers_micro_a,
          grunt_forest_small_clearing_treed
Lair:5:   cheibrodos_lair_end_hotspot, layout_loops_ring
Shoals:1: layout_shoals
Shoals:2: cheibrodos_shoals_oceanic_diplomacy, layout_shoals,
          nicolae_shoals_lost_giant_hut, nicolae_shop_gadgets
Shoals:3: layout_shoals, serial_shops, bzr_entry_gold,
          nicolae_shop_getting_attention, shop, uniq_jorgrun
Shoals:4: shoals_end_hellmonk_storm_palace [storm_palace_center_circular,
          storm_palace_corner_narrow, storm_palace_corner_pillars,
          storm_palace_corner_altar, storm_palace_corner_narrow],
          uniq_polyphemus
Snake:1:  layout_basic, serial_shops, nicolae_shop_real_fake_doors, st_stairs_9,
          uniq_donald
Snake:2:  layout_onion
Snake:3:  layout_onion, serial_shops, nicolae_shop_pleasant_corner_grove
Snake:4:  johnstein_snake_rune_scales, layout_cave_town
Orc:1:    layout_caves
Orc:2:    st_orc_rangers, layout_caves, serial_shops, bzr_entry_water,
          nicolae_shop_just_a_little_nook, nicolae_shop_rolled_up,
          nicolae_shop_self_help
Elf:1:    layout_geoelf_grid, minivault_28, uniq_aizul, uniq_agnes
Elf:2:    elven_hall_of_blades_hangedman_original [grunt_blade_entry_basic],
          layout_geoelf_octagon
Elf:3:    minmay_elf_hall_four_x, layout_loops_ring, hex_large, st_stairs_14,
          uniq_asterion
Vaults:1: vaults_room_grid, nicolae_vaults_mini_display_case,
          ontoclasm_vaults_twist, hangedman_vaults_nails,
          hangedman_vaults_slither, vaults_room_fancy_cross,
          hangedman_vaults_trim, v_misc_31, ontoclasm_vaults_decontamination,
          vaults_room_door_ring, v_alt_pattern_4, hangedman_vaults_snaps,
          ontoclasm_vaults_ring_small, layout_vaults_omnibox
Vaults:2: hangedman_vaults_cutoff, grunt_vaults_funnel,
          nicolae_vaults_little_squares_1, hangedman_vaults_stagger,
          ontoclasm_vaults_tryst, v_alt_pattern_5, ontoclasm_vaults_pinch,
          v_rooms_6, vaults_dpeg_ring, nicolae_vaults_back_hallway, v_pattern_1,
          v_misc_22, layout_vaults_maze_snakey
Vaults:3: blue_anna_dwarven_crypt, v_misc_3, v_pattern_2, v_misc_2, v_misc_1,
          ontoclasm_vaults_loading_screen, nicolae_vaults_three_branches,
          st_cells, v_misc_13, ontoclasm_vaults_eye,
          ontoclasm_vaults_ring_small, vaults_room_pools, layout_vaults_ring,
          serial_shops, shop
Vaults:4: nicolae_vaults_arrows, nicolae_vaults_disjoint_gnomons, v_misc_28,
          nicolae_vaults_hallways_thing, vaults_mumra_hex, nicolae_vaults_theta,
          nicolae_vaults_alarming, grunt_vaults_hallway_short,
          vaults_room_door_ring, layout_vaults_chaotic_city, serial_shops,
          nicolae_shop_tiny_statue_garden
Vaults:5
Crypt:1:  layout_gridlike, gammafunk_ghost_crypt, grunt_ministairs_6,
          uniq_boris, uniq_sojobo, uniq_xtahua
Crypt:2:  cheibrodos_crypt_eye_of_stone, layout_gridlike,
          gammafunk_ghost_spectres
Crypt:3:  church_of_pain_bobbens, layout_chaotic_city
Depths:1: layout_gridlike, minmay_misc_feat_iff, serial_co_window_serial,
          co_window_paths_b, co_window_paths_a, co_window_corner_a,
          co_window_paths_a, co_window_of_opportunity_a, co_window_paths_a,
          co_window_paths_a, co_window_corner_b, co_window_unsneaky_path_a,
          co_window_broadway_a, co_window_of_opportunity_b, co_window_paths_c,
          co_window_broadway_b, co_window_paths_c, hell_entry,
          hangedman_abyss_or_decor_jellyfish_corner
Depths:2: cheibrodos_cascadia, layout_basic, enter_ziggurat_b,
          rand_demon_pan_entry_9, roderic_serpentine_path, hell_entry,
          chequers_jeans, minmay_staircase_bubble,
          roderic_lattice_octagonal_star
Depths:3: cheibrodos_lost_city_excavation, layout_honeycomb, hell_entry,
          enter_trove_5, minmay_room_of_horrors, fiery_altar_vehumet,
          infiniplex_staircase_x, uniq_grunn
Depths:4: grunt_zot_entry_tricorne, layout_gridlike, hellmouth_2,
          nemelex_altar_shiori
Zot:1:    kennysheep_blocky_hall, layout_twisted_circle
Zot:2:    lemuel_acid_trip, layout_onion
Zot:3:    nicolae_moth_party, layout_cellular_growth
Zot:4:    layout_gridlike, st_small_dragon_hoard_4, grunt_megastairs_1
Zot:5:    layout_gridlike

Skill      XL: |  1  2  3  4  5  6  7  8  9 10 11 12 13 14 15 16 17 18 19 20 21 22 23 24 25 26 27 |
---------------+----------------------------------------------------------------------------------+-----
Polearms       | 5 6 7 9 11 13 16 18 20 21 | 21.0
Fighting       | 3 4 5 6 7 8 9 10 11 12 13 14 15 16 17 19 20 22 25 | 25.8
Throwing       | 3 4 5 6 7 8 9 10 11 12 13 14 15 16 | 16.0
Dodging        | 5 6 7 8 9 10 11 12 13 14 15 16 17 18 19 20 | 20.0
Invocations    | 1 2 3 4 5 6 8 9 10 11 12 13 | 13.0
Stealth        | 3 5 |  5.0
Ranged Weapons | 2 3 4 5 |  5.0
Evocations     | 1 3 4 6 |  6.0
Armour         | 1 3 4 5 6 7 8 9 10 11 12 13 16 | 16.0
Shields        | 2 5 6 7 9 10 11 12 13 18 | 18.2
Ice Magic      | 3 5 6 7 8 9 10 11 12 13 14 15 18 | 18.8
Spellcasting   | 2 3 5 6 7 8 10 11 12 13 | 13.0
Conjurations   | 2 3 4 5 6 |  6.0
Long Blades    | 6 12 15 16 | 16.0
Air Magic      | 3 5 6 |  6.0

Action                     |  1- 3 |  4- 6 |  7- 9 | 10-12 | 13-15 | 16-18 | 19-21 | 22-24 | 25-27 || total
---------------------------+-------+-------+-------+-------+-------+-------+-------+-------+-------++-------
  Melee: Trident           |   126 |   248 |   489 |  1026 |  1365 |   962 |       |       |  2251 ||  6467
         Punch             |       |     3 |     8 |    11 |    13 |       |       |       |       ||    35
         Tailslap          |       |     9 |     3 |     6 |     4 |       |       |     6 |    25 ||    53
         Demon trident     |       |       |       |       |       |   493 |  1083 |  1317 |   687 ||  3580
         Scimitar          |       |       |       |       |       |       |       |    17 |       ||    17
         Eudemon blade     |       |       |       |       |       |       |       |   601 |   598 ||  1199
         Headbutt          |       |       |       |       |       |       |       |       |    10 ||    10
   Fire: Sling             |       |     7 |    15 |     8 |     9 |       |       |       |       ||    39
  Throw: Javelin           |     1 |     2 |     2 |     3 |     7 |     3 |    15 |     2 |    65 ||   100
         Boomerang         |       |     3 |    18 |    23 |    28 |   397 |   126 |   162 |   419 ||  1176
         Throwing net      |       |     1 |     4 |     4 |       |     1 |     1 |       |       ||    11
         Dart              |       |       |    73 |   200 |    28 |     9 |    11 |     2 |       ||   323
   Cast: Freezing Cloud    |       |       |       |       |       |       |       |       |     4 ||     4
         Ozocubu's Refrige |       |       |       |       |       |       |       |       |     1 ||     1
 Invoke: Heroism           |       |       |       |       |       |       |     1 |     1 |     5 ||     7
         Finesse           |       |       |       |       |       |       |       |     1 |     3 ||     4
         Duel              |       |       |       |       |       |       |       |       |     1 ||     1
  Evoke: Wand              |       |       |       |     9 |     3 |     2 |       |     6 |    13 ||    33
    Use: Scroll            |       |     6 |     9 |    19 |     7 |     1 |     5 |     6 |    33 ||    86
         Potion            |       |     4 |     3 |     3 |     4 |     2 |     7 |     8 |    28 ||    59
   Stab: Sleeping          |     2 |     4 |     1 |     2 |     3 |    12 |    15 |    33 |     3 ||    75
         Distracted        |     1 |       |     1 |       |     2 |    10 |     8 |     9 |     2 ||    33
         Held in net/web   |       |     1 |     1 |       |       |     1 |       |       |       ||     3
         Invisible         |       |       |       |     1 |     1 |     1 |       |     2 |     3 ||     8
         Fleeing           |       |       |       |       |       |       |       |       |     1 ||     1
 Armour: Leather armour    |    30 |    36 |    99 |    64 |    10 |       |       |       |       ||   239
         Skin              |       |       |     3 |       |       |       |       |       |       ||     3
         Chain mail        |       |       |       |   244 |   268 |       |       |       |   474 ||   986
         Troll leather arm |       |       |       |       |    18 |   174 |    82 |   174 |    34 ||   482
  Dodge: Dodged            |    71 |   143 |   211 |   438 |   624 |   713 |   425 |  1030 |  1732 ||  5387
  Block: Other             |       |       |    28 |   175 |   115 |       |       |       |       ||   318
         Reflection        |       |       |     2 |    48 |    43 |   119 |    47 |   101 |    61 ||   421
         Kite shield       |       |       |       |       |   279 |   914 |   516 |  1364 |  2103 ||  5176

Table legend: (Time is in decaauts)
 A = Elapsed time spent in this place.
 B = Non-inter-level travel time spent in this place.
 C = Inter-level travel time spent in this place.
 D = Time resting spent in this place.
 E = Time spent auto-exploring this place.
 F = Levels seen in this place.
 G = Mean time per level.
                   A        B        C        D        E       F      G
               +--------+--------+--------+--------+--------+-----+--------+
         Total |  81592 |  73252 |   8340 |  13604 |  36977 |  59 | 1382.9 |
       Dungeon |  17599 |  14882 |   2717 |   1405 |   9237 |  15 | 1173.3 |
          Lair |   6837 |   5465 |   1372 |    570 |   3400 |   5 | 1367.4 |
        Shoals |   3803 |   3379 |    424 |    122 |   1945 |   4 |  950.8 |
     Snake Pit |   4920 |   4541 |    379 |    315 |   2715 |   4 | 1230.0 |
  Orcish Mines |   4240 |   3537 |    703 |   1348 |   1051 |   2 | 2120.0 |
   Elven Halls |   4263 |   3908 |    355 |    361 |   2189 |   3 | 1421.0 |
        Vaults |  10841 |  10010 |    831 |   2256 |   4887 |   5 | 2168.2 |
         Crypt |   4553 |   4065 |    488 |    695 |   1803 |   3 | 1517.7 |
        Depths |   8950 |   8376 |    574 |   1874 |   4740 |   4 | 2237.5 |
           Zot |  11316 |  10824 |    492 |   3240 |   4320 |   5 | 2263.2 |
         Abyss |   1406 |   1406 |      0 |    199 |    204 |   3 |  468.7 |
        Bazaar |    197 |    197 |      0 |      0 |     44 |   2 |   98.5 |
         Trove |     60 |     60 |      0 |      0 |      9 |   1 |   60.0 |
        Bailey |   1075 |   1075 |      0 |    469 |    238 |   1 | 1075.0 |
      Ice Cave |   1491 |   1491 |      0 |    731 |    193 |   1 | 1491.0 |
         Arena |     34 |     34 |      0 |     15 |      0 |   1 |   34.0 |
               +--------+--------+--------+--------+--------+-----+--------+

Top non-repeatable levels by time:
   Zot:5: 3706 daAuts
Vaults:4: 3476 daAuts
Depths:2: 3045 daAuts
Vaults:5: 2561 daAuts
Depths:3: 2420 daAuts
   Zot:4: 2342 daAuts
   Zot:2: 2191 daAuts
   Orc:1: 2159 daAuts
   Orc:2: 2081 daAuts
Depths:4: 2056 daAuts
     D:4: 1950 daAuts
     D:9: 1908 daAuts
Vaults:3: 1778 daAuts
  Lair:5: 1721 daAuts
   Elf:3: 1718 daAuts
